 Dungeon Crawl Stone Soup version 0.24-a0-769-g368c1644f8 (webtiles) character file.

Game seed: 7214752950215061676, levelgen mode: deterministic

1220 Gynju the Magician (level 8, 0/41 HPs)
             Began as a Deep Elf Fire Elementalist on Oct 4, 2019.
             Slain by a gnoll
             ... wielding a +0 spear of piercing
              (7 damage)
             ... on level 5 of the Dungeon.
             The game lasted 00:07:11 (5380 turns).

Gynju the Magician (Deep Elf Fire Elementalist)     Turns: 5380, Time: 00:07:11

Health: 0/41       AC:  3    Str:  7    XL:     8   Next: 23%
Magic:  3/20       EV: 17    Int: 21    God:
Gold:   223        SH:  0    Dex: 18    Spells: 11/21 levels left

rFire    . . .     SeeInvis .   o - +0 falchion (holy)
rCold    . . .     Gourm    .   (no shield)
rNeg     . . .     Faith    .   a - +0 robe
rPois    .         Spirit   .   m - +0 helmet
rElec    .         Reflect  .   (no cloak)
rCorr    .         Harm     .   (no gloves)
MR       .....                  (no boots)
Stlth    ++........             (no amulet)
HPRegen  0.13/turn              d - +3 ring of dexterity
MPRegen  0.17/turn              (no ring)

@: no status effects
A: no striking features
a: no special abilities


You were on level 5 of the Dungeon.
You were hungry.

You visited 1 branch of the dungeon, and saw 5 of its levels.

You collected 223 gold pieces.

Inventory:

Hand Weapons
 l - a +0 long sword
 o - a +0 falchion of holy wrath (weapon)
Missiles
 e - 3 javelins
 s - a throwing net (quivered)
Armour
 a - a +0 robe (worn)
 m - a +0 helmet (worn)
Magical Staves
 q - an uncursed staff of earth
Jewellery
 d - a +3 ring of dexterity (left hand)
Scrolls
 i - a scroll of remove curse {@r2}
 r - a scroll of fear {unknown}
Potions
 b - 2 potions of agility {unknown}
 f - 3 potions of magic
 g - 5 potions of curing {unknown}
 h - a potion of invisibility
 k - 4 potions of haste {unknown}
 n - a potion of degeneration {unknown}
 p - a potion of might {unknown}
Comestibles
 c - 12 rations
 j - 8 chunks of flesh


   Skills:
 + Level 6.3 Dodging
 - Level 2.4 Stealth
 + Level 7.0 Spellcasting
 + Level 5.4 Conjurations
 + Level 6.3 Fire Magic


You had 11 spell levels left.
You knew the following spells:

 Your Spells              Type           Power        Failure   Level  Hunger
a - Flame Tongue          Conj/Fire      ####.        1%          1    None
b - Throw Flame           Conj/Fire      ####..       1%          2    None
c - Conjure Flame         Conj/Fire      ####....     2%          3    #......
d - Sticky Flame          Conj/Fire      ####....     8%          4    ###....

Your spell library contained the following spells:

 Spells                   Type           Power        Failure   Level  Hunger
 Inner Flame              Hex/Fire       ###.....     7%          3    #......
 Fireball                 Conj/Fire      ####......   22%         5    #####..
 Recall                   Summ/Tloc      N/A          26%         3    #......
 Aura of Abjuration       Summ           #.........   94%         5    #####..
 Summon Demon             Summ           #.........   94%         5    #####..
 Summon Forest            Summ/Tloc      #.........   94%         5    #####..
 Summon Mana Viper        Hex/Summ       #.......     94%         5    #####..
 Shadow Creatures         Summ           N/A          100%        6    ######.


Dungeon Overview and Level Annotations

Branches:
Dungeon (5/15)
 Temple: D:4-7

Altars:
Okawaru
Wu Jian

Shops:
D:5 (

Annotations:
D:5 Sigmund


Message History

You kill the gnoll!
You are feeling hungry.
The gnoll closely misses you.
Casting: Flame Tongue (safe; 1% risk of failure)
Confirm with . or Enter, or press ? or * to list all spells.
Aiming: Flame Tongue (safe; 1% risk of failure)
Press: ? - help, Shift-Dir - straight line, f - gnoll
Aim: a gnoll, wielding a +0 spear of piercing The flame tongue hits the gnoll.
The gnoll is moderately wounded.
The gnoll misses you.
Casting: Flame Tongue (safe; 1% risk of failure)
Confirm with . or Enter, or press ? or * to list all spells.
Aiming: Flame Tongue (safe; 1% risk of failure)
Press: ? - help, Shift-Dir - straight line, f/p - gnoll
Aim: a gnoll, wielding a +0 spear of piercing (moderately wounded)
The flame tongue hits the gnoll but does no damage.
The gnoll is moderately wounded.
The gnoll hits you from afar with a +0 spear of piercing!
You die...

*..............#.#....#.##,,,,,,,
*##.####.##÷...#..∩##.!..,,,,,,,,
*,* #.##.÷...÷.#..?....,,,,,,,
***,***#..................,,,,,,,
,,,,,,*##.................,,,,,,,
,,,,,,**#.................,,,,,,,
,,,,,,,..................(,,,,,,,
,,,,,,.....>..............,,,,,,,
,,,,,...........@)g.......,,,,,,,
,,,,,.###........).......,,,,,,,,
******* #................,**,,,,,
##.....†...%......>,,,,,,,
***####..#..............****,,,,
*,,........####.#.......* *,,,,
*,,........####...##....* *,,,,
*,,........#......##....* ***,*
*,,.......<......[......* *,,,*


You could see a gnoll.

Vanquished Creatures
  4 ogres
  A centaur (D:5)
  A bullfrog (D:4)
  3 scorpions (D:4)
  A howler monkey (D:2)
  A gnoll shaman (D:5)
  3 hounds
  2 orc priests (D:3)
  A centaur skeleton (D:4)
  3 worker ants
  A killer bee zombie (D:5)
  A hound skeleton (D:4)
  5 gnolls
  7 adders
  An ooze (D:1)
  4 worms
  2 dart slugs (D:3)
  3 leopard geckos
  12 orcs
  9 giant cockroaches
  9 goblins
  11 hobgoblins
  5 jackals
  8 kobolds
  4 quokkas
  5 ball pythons
  10 bats
  8 frilled lizards
  A jackal skeleton (D:4)
  A quokka skeleton (D:5)
  5 rats
132 creatures vanquished.

Notes
Turn   | Place    | Note
-------+----------+-------------------------------------------
     0 | D:1      | Gynju the Deep Elf Fire Elementalist began the quest for
                  | the Orb.
     0 | D:1      | Reached XP level 1. HP: 10/10 MP: 6/6
    75 | D:1      | Reached XP level 2. HP: 15/15 MP: 2/8
   133 | D:1      | You fall into a shaft and drop 1 floor!
   563 | D:1      | Reached XP level 3. HP: 19/19 MP: 6/10
  1753 | D:2      | Reached XP level 4. HP: 24/24 MP: 8/11
  1781 | D:2      | Reached skill level 4 in Spellcasting
  1985 | D:2      | Reached XP level 5. HP: 18/28 MP: 6/13
  2508 | D:2      | Learned a level 2 spell: Throw Flame
  2512 | D:2      | Learned a level 3 spell: Conjure Flame
  2517 | D:2      | Learned a level 4 spell: Sticky Flame
  3198 | D:3      | Noticed an ogre
  3205 | D:3      | Killed an ogre
  3205 | D:3      | Reached skill level 5 in Spellcasting
  3205 | D:3      | Reached XP level 6. HP: 32/32 MP: 5/15
  3573 | D:3      | Found an iron altar of Okawaru.
  3812 | D:4      | Reached skill level 5 in Fire Magic
  3954 | D:4      | Reached XP level 7. HP: 36/36 MP: 14/17
  4036 | D:4      | Reached skill level 5 in Dodging
  4406 | D:4      | Reached skill level 6 in Spellcasting
  4714 | D:4      | Found an ornate altar of the Wu Jian Council.
  4819 | D:4      | Reached skill level 5 in Conjurations
  4866 | D:5      | Entered Level 5 of the Dungeon
  4889 | D:5      | Reached XP level 8. HP: 4/41 MP: 14/20
  5217 | D:5      | Found Myacof's Weapon Emporium.
  5349 | D:5      | Noticed Sigmund
  5362 | D:5      | Reached skill level 7 in Spellcasting
  5380 | D:5      | Slain by a gnoll

Levels and vault maps discovered:
D:1:      evilmike_arrival_hilbert_curve, layout_loops_ring,
          hangedman_abyss_or_decor_lesser_grid, minmay_cupped
D:2:      layout_loops_ring
D:3:      layout_basic, lemuel_round_altar, first_ration, st_stairs_8
D:4:      minmay_razor_zed, layout_rooms, kennysheep_little_box,
          minmay_misc_feat_tower
D:5:      layout_rooms, serial_shops, shop, ebering_ghost_disaster_area,
          uniq_pikel, uniq_sigmund

Skill      XL: |  1  2  3  4  5  6  7  8 |
---------------+-------------------------+-----
Dodging        | 3 4 6 |  6.3
Conjurations   | 2 3 4 5 |  5.4
Fire Magic     | 4 5 6 |  6.3
Spellcasting   | 4 5 6 7 |  7.0
Stealth        | |  2.4

Action                   |  1- 3 |  4- 6 |  7- 9 || total
-------------------------+-------+-------+-------++-------
Melee: Unarmed           |     2 |       |       ||     2
       Long sword        |       |     8 |       ||     8
 Cast: Flame Tongue      |    68 |   122 |    92 ||   282
       Conjure Flame     |       |     2 |     2 ||     4
  Use: Scroll            |       |     2 |     2 ||     4
  Eat: Chunk             |     2 |     7 |     4 ||    13
Armor: Robe              |     3 |     7 |     3 ||    13
Dodge: Dodged            |    22 |    37 |    30 ||    89
       Rpst.: Long sword |     3 |    10 |       ||    13
       Falchion          |       |     4 |     8 ||    12

Table legend:
 A = Non-vault XP
 B = Vault XP
 C = Vault XP percentage of total XP
 D = Non-vault monster count
 E = Vault monster count
 F = Vault count percentage of total count
                 A         B        C        D         E       F
            +---------+---------+-------+---------+---------+-------
      Total |    1384 |     359 |  20.6 |     120 |      12 |   9.1
            +---------+---------+-------+---------+---------+-------
        D:1 |      59 |       5 |   7.8 |      27 |       3 |  10.0
        D:2 |     151 |       0 |   0.0 |      30 |       0 |   0.0
        D:3 |     267 |       3 |   1.1 |      33 |       1 |   2.9
        D:4 |     543 |     351 |  39.3 |      13 |       8 |  38.1
        D:5 |     364 |       0 |   0.0 |      17 |       0 |   0.0
            +---------+---------+-------+---------+---------+-------
